Map: [ESL] Oceanborn

Players

LiquidCure (Cure)

  • Race: Terran Terran
  • League: Master
  • Spawn Location: 11:00

DKZDark (Dark) - Winner!

  • Race: Zerg Zerg
  • League: Master
  • Spawn Location: 5:00

VOD

Have the link to the VOD?

Description

Time

  • Played on: Dec. 11, 2023, 5:21 a.m.
  • Length: 13:32
Show
View Real Time Build Order
Export as new Build Order

LiquidCure Terran 

Build Orders:  

Get SALT Encoding   

  12  0:00  SCV  
  13  0:12  SCV  
  14  0:17  Supply Depot  
  14  0:24  SCV  
  15  0:39  SCV  
  15  0:41  Barracks  
  16  0:43  Refinery  
  16  0:51  SCV  
  17  0:58  Barracks  
  17  1:03  SCV  
  18  1:15  SCV  
  19  1:18  Barracks  
  19  1:28  Reaper  
  20  1:34  Orbital Command  
  20  1:40  Refinery  
  20  1:45  Reaper  
  21  1:54  Supply Depot  
  21  2:01  SCV  
  22  2:04  Reaper  
  23  2:15  SCV, Reaper  
  25  2:23  Reaper  
  25  2:27  SCV  
  27  2:32  Supply Depot  
  27  2:36  Reaper  
  28  2:39  SCV  
  29  2:47  Reaper  
  30  2:56  Reaper  
  30  2:57  Command Center  
  31  2:58  SCV  
  32  3:17  SCV  
  32  3:19  Barracks Reactor  
  33  3:23  Barracks Tech Lab  
  33  3:29  SCV, Barracks Reactor  
  34  3:37  Engineering Bay  
  35  3:41  SCV  
  35  3:44  Marine  
  35  3:45  Factory  
  36  4:00  Marine  
  36  4:01  Marine, Stimpack  
  36  4:02  SCV  
  39  4:09  Terran Infantry Weapons Level 1, Marine x3  
  42  4:11  Orbital Command  
  42  4:14  SCV  
  43  4:23  Marine x2  
  44  4:26  SCV, Marine x3  
  48  4:31  Starport  
  48  4:36  Factory Reactor  
  48  4:38  SCV  
  48  4:39  SCV  
  48  4:41  Supply Depot  
  50  4:48  Supply Depot  
  50  4:51  SCV x2  
  52  4:52  Marine  
  52  4:53  Marine  
  54  5:02  Marine x3  
  54  5:03  Supply Depot, SCV x2  
  58  5:15  SCV x2  
  58  5:17  Refinery  
  58  5:18  Marine x2  
  58  5:20  Medivac x2, Factory Tech Lab  
  66  5:22  Marine  
  66  5:23  Marine  
  66  5:25  Marine  
  69  5:30  SCV x2  
  69  5:31  Supply Depot  
  71  5:36  Marine x2  
  71  5:40  Marine  
  69  5:43  SCV x2  
  69  5:44  Combat Shield  
  69  5:45  Marine  
  72  5:51  Supply Depot  
  72  5:52  Marine  
  72  5:54  Marine x2  
  75  5:58  Siege Tank, Marine  
  75  6:03  Marine  
  80  6:12  Medivac  
  80  6:14  Barracks x2  
  80  6:17  Supply Depot, Marine x2  
  80  6:18  Marine x2  
  86  6:20  Marine  
  76  6:34  Siege Tank  
  76  6:35  Marine x4  
  76  6:38  Marine, Medivac  
  81  6:42  SCV  
  81  6:43  SCV  
  83  6:51  Medivac  
  83  6:53  Marine x4  
  89  6:58  Supply Depot, Marine  
  90  7:02  Terran Infantry Armor Level 1  
  90  7:11  Marine x5  
  90  7:12  Marine  
  96  7:15  Marine  
  96  7:18  Siege Tank  
  100  7:28  Medivac  
  100  7:29  Marine x3  
  105  7:31  Supply Depot  
  105  7:32  Refinery  
  105  7:33  Marine x3  
  105  7:35  Marine  
  109  7:46  Marine  
  109  7:49  Supply Depot  
  110  7:52  Marine x4, Medivac  
  110  7:56  Marine  
  117  7:59  Marine  
  117  8:05  Supply Depot  
  118  8:11  Siege Tank, Marine, Liberator  
  126  8:16  Marine  
  126  8:26  Marine x5  
  131  8:27  Supply Depot  
  131  8:34  Marine  
  131  8:43  Liberator  
  131  8:46  Supply Depot  
  134  8:48  Marine x5  
  134  8:51  Marine  
  125  8:59  Siege Tank  
  128  9:06  Marine x5  
  128  9:09  Marine  
  133  9:16  Medivac  
  131  9:24  Marine x5  
  131  9:26  Medivac  
  131  9:29  Marine  
  130  9:33  Siege Tank  
  133  9:39  Supply Depot  
  133  9:42  Marine x5  
  138  9:47  Marine  
  137  10:00  Marine x5  
  137  10:02  Liberator  
  137  10:05  Siege Tank, Marine  
  149  10:09  Liberator  
  152  10:17  Marine x5  
  157  10:23  Marine  
  157  10:28  Supply Depot  
  158  10:35  Marine x5  
  158  10:40  Command Center  
  158  10:41  Marine  
  157  10:48  Armory  
  157  10:50  Engineering Bay  
  157  10:53  Marine x2  
  159  10:59  Siege Tank  
  159  11:01  Marine x4  
  166  11:11  Marine x2  
  154  11:18  Marine x2  
  154  11:19  Marine  
  157  11:34  Siege Tank  
  160  11:52  Marine x3  
  163  12:00  SCV  
  163  12:01  SCV  
  165  12:09  Barracks Tech Lab  
  165  12:13  SCV  
  165  12:15  Barracks Reactor  
  165  12:16  Factory Reactor  
  165  12:43  Marauder x2  
  165  12:45  Medivac x2  
  165  12:46  Marine x2  
  166  12:52  Orbital Command  
  166  12:53  Marine  
  166  13:04  Marine, Marauder  
  146  13:06  Marine x2  
  146  13:11  Marine  
Show
View Real Time Build Order
Export as new Build Order

DKZDark Zerg - Winner!

Build Orders: Hatch First 

Get SALT Encoding   

  12  0:00  Drone  
  13  0:12  Overlord  
  13  0:18  Drone  
  14  0:31  Drone x2  
  16  0:48  Hatchery  
  15  0:52  Drone  
  15  0:55  Drone  
  17  0:59  Drone  
  18  1:08  Extractor  
  17  1:14  Spawning Pool  
  17  1:15  Drone  
  17  1:19  Drone  
  18  1:28  Drone  
  19  1:40  Drone  
  20  1:50  Drone  
  21  2:01  Queen x2  
  21  2:02  Zergling x4  
  27  2:08  Metabolic Boost  
  27  2:12  Zergling x2  
  27  2:14  Overlord  
  28  2:27  Hatchery  
  27  2:33  Drone x2  
  27  2:37  Zergling x4  
  30  2:45  Queen  
  32  2:51  Zergling x2  
  32  2:52  Zergling x2  
  32  2:55  Overlord  
  34  3:17  Zergling x14  
  40  3:24  Zergling x2  
  40  3:25  Queen  
  43  3:35  Overlord  
  43  3:37  Overlord  
  43  3:38  Overlord  
  43  3:47  Drone  
  44  3:50  Drone  
  43  4:01  Drone x4  
  43  4:03  Queen  
  43  4:05  Drone x3  
  43  4:06  Drone  
  49  4:11  Zergling x2  
  50  4:21  Drone  
  50  4:22  Drone x5  
  55  4:25  Drone x2  
  55  4:28  Drone x2  
  55  4:30  Queen  
  61  4:35  Queen  
  61  4:37  Drone  
  64  4:38  Drone  
  64  4:40  Drone  
  64  4:42  Drone  
  67  4:45  Overlord  
  67  4:48  Overlord  
  67  4:49  Drone  
  67  4:50  Drone  
  67  4:52  Drone  
  70  4:53  Drone  
  70  4:56  Drone x2  
  70  4:58  Drone  
  74  5:03  Queen  
  74  5:05  Zergling x6  
  79  5:09  Overlord  
  79  5:12  Overlord  
  79  5:13  Overlord  
  78  5:15  Overlord  
  78  5:20  Overlord  
  78  5:21  Queen  
  78  5:23  Overlord  
  78  5:26  Overlord  
  80  5:29  Drone x4  
  80  5:31  Drone  
  80  5:34  Extractor  
  80  5:35  Extractor  
  83  5:39  Zergling x8  
  85  5:45  Evolution Chamber  
  85  5:46  Zergling x2, Evolution Chamber  
  86  5:52  Zergling x12  
  86  5:54  Zergling x2  
  93  5:59  Drone x3  
  93  6:07  Hatchery  
  93  6:08  Zergling x2  
  93  6:12  Zerg Melee Weapons Level 1, Zerg Ground Armor Level 1  
  93  6:14  Zergling x6  
  93  6:17  Overlord  
  96  6:18  Overlord  
  96  6:22  Zergling x6  
  80  6:35  Drone x8  
  80  6:38  Drone  
  80  6:39  Lair  
  89  6:42  Hatchery  
  89  6:43  Drone x3, Baneling Nest  
  90  6:47  Drone x2  
  90  6:51  Zergling x2  
  93  6:58  Extractor  
  93  6:59  Extractor  
  91  7:02  Zergling x16  
  91  7:05  Zergling x2  
  100  7:11  Zergling x2  
  100  7:14  Zergling x8  
  105  7:18  Zergling x2  
  105  7:21  Queen x2  
  109  7:25  Zergling x6  
  109  7:28  Baneling x8  
  112  7:30  Zergling x6  
  112  7:33  Zergling x4  
  116  7:39  Hatchery  
  116  7:40  Centrifugal Hooks, Zergling x2  
  116  7:41  Zergling x4  
  116  7:43  Queen  
  120  7:44  Zergling x6  
  123  7:52  Zergling x2  
  123  7:54  Zergling x4  
  123  7:58  Zergling x2, Burrow  
  126  8:02  Queen x2  
  126  8:03  Zergling x2  
  126  8:04  Baneling x4  
  126  8:05  Baneling x7  
  131  8:06  Zerg Melee Weapons Level 2  
  131  8:08  Zergling x6  
  131  8:12  Zergling x6  
  137  8:13  Zerg Ground Armor Level 2  
  137  8:17  Drone  
  137  8:18  Zergling x4  
  139  8:22  Zergling x2  
  139  8:26  Zergling x8  
  140  8:30  Zergling x4  
  142  8:41  Zergling x2  
  142  8:42  Zergling x16  
  142  8:45  Baneling Nest  
  138  8:56  Zergling x20  
  138  8:57  Queen x2  
  138  8:58  Queen  
  138  9:01  Baneling x5  
  138  9:02  Infestation Pit  
  153  9:12  Hatchery  
  153  9:15  Zergling x12  
  152  9:32  Overlord x3  
  152  9:36  Baneling  
  152  9:37  Baneling x9  
  152  9:42  Hive  
  152  9:43  Hatchery  
  151  9:48  Overlord  
  151  9:49  Spore Crawler  
  151  9:51  Spore Crawler  
  150  9:53  Drone x4  
  150  9:56  Drone x10  
  150  9:57  Drone  
  159  10:08  Zergling x8  
  159  10:12  Zergling x6  
  166  10:20  Zergling x20  
  176  10:25  Zergling x2  
  177  10:29  Baneling x9  
  177  10:33  Spore Crawler, Zergling x6  
  179  10:42  Baneling, Zergling x12  
  184  10:50  Zergling x2  
  172  10:58  Zergling x16  
  172  11:03  Baneling x3  
  179  11:05  Zergling x6  
  174  11:17  Viper  
  174  11:18  Zergling x18  
  175  11:20  Ultralisk Cavern, Baneling x2  
  175  11:21  Viper  
  175  11:23  Drone  
  175  11:24  Zergling x8  
  182  11:25  Drone  
  182  11:30  Zergling x2  
  183  11:36  Overlord  
  183  11:37  Zergling x6  
  186  11:43  Extractor  
  186  11:44  Extractor  
  186  11:45  Zergling x2  
  186  11:46  Zergling x10  
  190  11:52  Overlord  
  190  11:53  Overlord x2  
  190  11:57  Zergling x10  
  194  12:05  Hatchery  
  193  12:09  Chitinous Plating  
  193  12:10  Overlord  
  193  12:11  Zergling x6  
  196  12:17  Zergling x8  
  200  12:23  Baneling  
  200  12:24  Baneling x7  
  199  12:36  Hatchery  
  198  12:44  Zergling x4  
  199  12:47  Baneling x5  
  199  12:52  Zergling x2  
  195  13:04  Zergling x28  
  194  13:09  Zergling x14  
  194  13:10  Baneling x3  
  200  13:14  Zergling x2  
Tags
 
Matchup
TvZ
Player
CureDark
Replay Pack
December 2023
Spawn Locations
Cross Positions
Add a new tag
Caveats
  • Supply blocks, unpowered buildings, or Contaminate may cause inaccurate times.
  • Supply counts are checked every 10 seconds.